 Dungeon Crawl Stone Soup version 0.31-a0-1447-g87ca8d402b (webtiles) character file.

Game seed: 16488559884106219303

627 Arcadio the Ducker (level 7, -2/46 (50) HPs)
             Began as a Merfolk Shapeshifter on Dec 27, 2023.
             Was a Follower of Hepliaklqana.
             Slain by a wight
             ... wielding a +2 great sword
              (6 damage)
             ... on level 5 of the Dungeon.
             The game lasted 00:08:11 (3789 turns).

Arcadio the Ducker (Merfolk Shapeshifter)           Turns: 3789, Time: 00:08:12

HP:   -2/46 (50)    AC:  8    Str: 17    XL:     7   Next: 47%
MP:   7/7           EV:  9    Int:  9    God:    Hepliaklqana [*.....]
Gold: 327           SH:  0    Dex: 13    Spells: 6/6 levels left

rFire   . .          .
                       - Unarmed
rCold   . . .        (no shield)
rNeg    . . .        l - +0 chain mail
rPois   +            (helmet currently unavailable)
rElec   .            (cloak currently unavailable)
rCorr   .            (gloves currently unavailable)
SInv    .            (boots currently unavailable)
Will    .....        (no amulet) Stlth
                     m - ring of wizardry
HPRegen 0.27/turn    v - ring of poison resistance
MPRegen 0.10/turn

%: wizardry (x1)
@: beast-form, drained
A: beast (slay +2), reduced essence, (nimble swimmer 2), mertail
a: Begin Untransformation, Renounce Religion, Recall Ancestor, Ancestor Identity


You were on level 5 of the Dungeon.
You worshipped Hepliaklqana.
Hepliaklqana was aware of your devotion.
You were a hulking beast.
You visited 1 branch of the dungeon, and saw 5 of its levels.

You collected 327 gold pieces.

Inventory:

Missiles
 t - a throwing net
Armour
 a - a +0 animal skin
 i - a +0 helmet
 l - a +0 chain mail (worn)
 r - a +0 cloak
Jewellery
 m - a ring of wizardry (left hand)
 v - a ring of poison resistance (right hand)
Talismans
 c - a beast talisman (active)
 d - a flux talisman
Scrolls
 g - a scroll of revelation {unknown}
 k - a scroll of enchant weapon
 p - a scroll of fear
 q - a scroll of noise {unknown}
 s - a scroll of blinking {unknown}
 u - a scroll of enchant armour {unknown}
 w - a scroll of identify {unknown}
Potions
 b - a potion of lignification
 e - a potion of heal wounds {unknown}
 f - a potion of haste {unknown}
 h - 3 potions of attraction {unknown}
 j - 2 potions of magic {unknown}
 n - a potion of curing {unknown}
 o - a potion of resistance {unknown}


   Skills:
 + Level 5.0 Fighting
 + Level 6.4 Dodging
 + Level 5.9 Unarmed Combat
 - Level 4.0 Shapeshifting


You had 6 spell levels left.
You didn't know any spells.
Your spell library contained the following spells:

 Spells                   Type           Power      Damage    Failure   Level
 Fugue of the Fallen      Necr           0%         N/A       99%         3
 Ozocubu's Armour         Ice            0%         N/A       99%         3
 Manifold Assault         Tloc           0%         N/A       100%        4


Dungeon Overview and Level Annotations

Branches:
Dungeon (5/15) Zot: 26236
 Temple: D:4-7

Altars:
Hepliaklqana

Shops:
D:2 :   D:4 :

Annotations:
D:4 1 runed translucent door, alja1234's ghost, novice GnIE


Innate Abilities, Weirdness & Mutations

You are a hulking beast.
Your limbs bulge with bestial killing power. (Slay +2)
Your life essence is reduced to manifest your ancestor. (-10% HP)
((You are very nimble when in or above water. (Stealth+, EV+, Speed+++)))
Your lower body shifts to a powerful aquatic tail in water.


Message History

The wight is lightly damaged.
N2M hits the wight.
The wight barely misses you.
The orc priest calls down the wrath of Beogh upon you.
Beogh smites you! The wight barely misses you.
N2M hits the wight.
The wight attacks as it pursues you! The wight hits you but does no damage.
Items here: ))) [ †.
You hit the wight but do no damage.
The wight is heavily damaged.
N2M hits the wight.
The wight barely misses you.
The orc priest hits N2M with a +0 dagger.
You hit the wight.
The wight is almost destroyed.
You closely miss the wight.
The wight is almost destroyed.
N2M hits the wight but does no damage.
The wight hits you with a +0 great sword!
You feel drained.
The orc priest hits N2M with a +0 dagger.
N2M closely misses the wight.
The orc priest looks satisfied for a moment.
You completely miss the wight. You punch the wight.
You destroy the wight!
N2M hits the wight.
The orc priest hits N2M but does no damage.
Your Fighting skill increases to level 5!
N2M hits the wight but does no damage.
The orc priest hits N2M with a +0 dagger.
The wight attacks as it pursues you! The wight hits you but does no damage.
Okay, then.
Okay, then.
Okay, then.
Okay, then.
N2M hits the orc priest.
The wight attacks as it pursues you! The wight closely misses you.
N2M hits the orc priest.
The wight attacks as it pursues you!
The wight hits you with a +2 great sword!
* * * LOW HITPOINT WARNING * * *
You feel drained.
You die...

########################
#...R).z..........[....#
#....o..zh.............#
##..########..##...#####
#.. #####...##..## ....
.....<.......# .....
.............+ #......
............## ####+##
#####...##.)##.
.##...##...#.
......))...+.


You could see the friendly N2M the ancestor, 2 wights and an orc priest (ally
target).

Vanquished Creatures
  2 wights (D:5)
  An orc priest (D:5)
  An iguana (D:5)
  7 gnolls
  3 adders
  3 worms
  4 dart slugs
  7 orcs
  3 bats
  3 endoplasms
  4 giant cockroaches
  5 goblins
  A hobgoblin (D:4)
  2 quokkas (D:1)
  7 ball pythons
  5 frilled lizards
  9 kobolds
  3 rats
  A rat zombie (D:4)
71 creatures vanquished.

Vanquished Creatures (collateral kills)
  Sigmund (D:5)
  Blork the orc (D:5)
  A scorpion (D:4)
  A gnoll (D:4)
  An orc (D:5)
  A quokka zombie (D:4)
6 creatures vanquished.

Vanquished Creatures (others)
  2 ancestors
2 creatures vanquished.

Grand Total: 79 creatures vanquished

Notes
Turn   | Place    | Note
-------+----------+-------------------------------------------
     0 | D:1      | Arcadio the Merfolk Shapeshifter began the quest for the
                  | Orb.
     0 | D:1      | Reached XP level 1. HP: 15/15 MP: 1/1
    96 | D:1      | Reached skill level 3 in Dodging
   130 | D:1      | Reached XP level 2. HP: 21/21 MP: 2/2
   832 | D:2      | Reached XP level 3. HP: 26/27 MP: 3/3
  1101 | D:2      | Found Funof's Book Boutique.
  1623 | D:3      | Reached XP level 4. HP: 10/34 MP: 4/4
  1808 | D:3      | Identified the +4 flail of Mayhem {pain, rPois rN++ Int-4
                  | Dex+2}
  1899 | D:3      | Reached skill level 4 in Dodging
  1948 | D:3      | Found a faded altar of an unknown god.
  1955 | D:3      | Prayed at the altar of an unknown god.
  1955 | D:3      | Became a worshipper of Hepliaklqana the Forgotten
  1955 | D:3      | Reached * piety under Hepliaklqana
  2355 | D:4      | Found a runed translucent door.
  2369 | D:4      | Found Jihiacov's Book Emporium.
  2401 | D:4      | Noticed a scorpion
  2409 | D:4      | Killed a scorpion
  2410 | D:4      | Reached XP level 5. HP: 20/36 MP: 5/5
  2866 | D:4      | Noticed alja1234's ghost (novice GnIE)
  2910 | D:4      | Reached skill level 5 in Dodging
  2913 | D:4      | Reached XP level 6. HP: 20/43 MP: 6/6
  3369 | D:5      | Entered Level 5 of the Dungeon
  3410 | D:5      | Reached skill level 5 in Unarmed Combat
  3526 | D:5      | Noticed Sigmund
  3542 | D:5      | Killed Sigmund
  3585 | D:5      | Noticed Blork the orc
  3598 | D:5      | Killed Blork the orc
  3599 | D:5      | Reached skill level 6 in Dodging
  3599 | D:5      | Reached XP level 7. HP: 23/49 MP: 7/7
  3787 | D:5      | Reached skill level 5 in Fighting
  3789 | D:5      | Slain by a wight

Illustrated notes

Levels and vault maps discovered:
D:1:      ncdulo_wetmaze, layout_loops_ring, minmay_tripent
D:2:      layout_rooms, serial_shops, nicolae_shop_back_alley_shop
D:3:      layout_basic, basic_ecumenical_altar,
          minmay_fractal_squares_diagonal_5
D:4:      layout_loops_ring, ebering_ghost_sewer_d, enter_ossuary_4,
          serial_shops, shop
D:5:      layout_gridville, lightli_minifort, uniq_sigmund, uniq_blork_the_orc

Skill      XL: |  1  2  3  4  5  6  7 |
---------------+----------------------+-----
Dodging        | 3 4 5 6 |  6.4
Fighting       | 2 3 4 5 |  5.0
Unarmed Combat | 4 5 |  5.9
Shapeshifting  | |  4.0

Action                     |  1- 3 |  4- 6 |  7- 9 || total
---------------------------+-------+-------+-------++-------
  Melee: Unarmed           |   127 |    97 |    21 ||   245
         Punch             |       |     4 |     1 ||     5
 Invoke: Ancestor Identity |       |     1 |       ||     1
    Use: Potion            |     1 |       |       ||     1
         Scroll            |       |     2 |       ||     2
   Stab: Sleeping          |     1 |       |       ||     1
 Armour: Animal skin       |    29 |       |       ||    29
         Chain mail        |    36 |    61 |    13 ||   110
         Skin              |     6 |     2 |       ||     8
  Dodge: Dodged            |    67 |    35 |     8 ||   110
   Form: Beast             |     1 |       |       ||     1

Table legend: (Time is in decaauts)
 A = Elapsed time spent in this place.
 B = Non-inter-level travel time spent in this place.
 C = Inter-level travel time spent in this place.
 D = Time resting spent in this place.
 E = Time spent auto-exploring this place.
 F = Levels seen in this place.
 G = Mean time per level.
                   A        B        C        D        E       F      G
               +--------+--------+--------+--------+--------+-----+--------+
         Total |   3763 |   3651 |    112 |    101 |   2647 |   5 |  752.6 |
       Dungeon |   3763 |   3651 |    112 |    101 |   2647 |   5 |  752.6 |
               +--------+--------+--------+--------+--------+-----+--------+

Top non-repeatable levels by time:
     D:4: 1006 daAuts
     D:3: 1000 daAuts
     D:1: 788 daAuts
     D:2: 552 daAuts
     D:5: 415 daAuts
